| TOP OF THE 1ST |
|
Nashville Sounds batting - Pitching for Spokane River Rats : RHP Rick Helling
|
|
Pitching: RHP Rick Helling
|
|
|
Batting: RHB Danny Bautista
|
0-0: Bunt for hit to P - play at first, batter OUT! 1-3
|
|
Batting: RHB George Arias
|
0-0: Foul Ball, location: 2F 0-1: Foul Ball, location: 2F 0-2: Foul Ball, location: 2F 0-2: Foul Ball, location: 2F 0-2: Ball 1-2: SOLO HOME RUN (Flyball, 78XD, EV 105.6 MPH), Distance : 402 ft
|
|
Batting: LHB Dion James
|
0-0: Ball 1-0: Ground out 1-3 (Groundball, 13S, EV 71.9 MPH)
|
|
Batting: RHB Paul Konerko
|
0-0: Ball 1-0: Called Strike 1-1: Foul Ball, location: 2F 1-2: Ball 2-2: Foul Ball, location: 2F 2-2: Foul Ball, location: 2F 2-2: Ground out 6-3 (Groundball, 6M, EV 94.4 MPH)
|
| Top of the 1st over - 1 run, 1 hit, 0 errors, 0 left on base; Nashville 1 - Spokane 0 |
| BOTTOM OF THE 1ST |
|
Spokane River Rats batting - Pitching for Nashville Sounds : RHP Willie E Adams
|
|
Pitching: RHP Willie E Adams
|
|
|
Batting: SHB Chuck Carr
|
0-0: Bunted foul 0-1: SINGLE (Line Drive, 4D, EV 96.9 MPH)
|
|
Batting: LHB Andy Fox
|
0-0: Foul Ball, location: 2F 0-1: Fly out, F8 (Flyball, 8LM, EV 91.9 MPH)
|
|
Batting: LHB Michael Tucker
|
0-0: Ball Chuck Carr steals 2nd base 1-0: Called Strike Chuck Carr is caught stealing 3rd base 2-5 1-1: Ground out 4-3 (Groundball, 4, EV 83.8 MPH)
|
| Bottom of the 1st over - 0 runs, 1 hit, 0 errors, 0 left on base; Nashville 1 - Spokane 0 |
| TOP OF THE 2ND |
|
Nashville Sounds batting - Pitching for Spokane River Rats : RHP Rick Helling
|
|
Batting: SHB Raul Casanova
|
0-0: Ball 1-0: Called Strike 1-1: Foul Ball, location: 2F 1-2: Ball 2-2: Ground out 5-3 (Groundball, 56S, EV 64.4 MPH)
|
|
Batting: RHB Eli Marrero
|
0-0: Ball 1-0: Called Strike 1-1: SINGLE (Line Drive, 89S, EV 96.3 MPH)
|
|
Batting: LHB Jeff Branson
|
0-0: Called Strike 0-1: Foul Ball, location: 2F 0-2: Ball 1-2: Ball 2-2: Strikes out swinging
|
|
Batting: RHB Adam Riggs
|
0-0: Fielders Choice at 2nd, 6-4 (Groundball, 6, EV 85.6 MPH)
|
| Top of the 2nd over - 0 runs, 1 hit, 0 errors, 1 left on base; Nashville 1 - Spokane 0 |
| BOTTOM OF THE 2ND |
|
Spokane River Rats batting - Pitching for Nashville Sounds : RHP Willie E Adams
|
|
Batting: SHB Gene Kingsale
|
0-0: Ball 1-0: Called Strike 1-1: Ball 2-1: Ball 3-1: Ground out 4-3 (Groundball, 34, EV 78.8 MPH)
|
|
Batting: RHB Tony Rodriguez
|
0-0: Swinging Strike 0-1: Ball 1-1: Ball 2-1: Ball 3-1: Fly out, F2 (Popup, 2LF, EV 86.9 MPH)
|
|
Batting: SHB Luis M. Lopez
|
0-0: Ball 1-0: Fly out, F7 (Line Drive, 7, EV 104.4 MPH)
|
| Bottom of the 2nd over - 0 runs, 0 hits, 0 errors, 0 left on base; Nashville 1 - Spokane 0 |
| TOP OF THE 3RD |
|
Nashville Sounds batting - Pitching for Spokane River Rats : RHP Rick Helling
|
|
Batting: SHB Felix Martinez
|
0-0: Ball 1-0: Foul Ball, location: 2F 1-1: Foul Ball, location: 2F 1-2: Strikes out swinging
|
|
Batting: RHB Danny Bautista
|
0-0: Swinging Strike 0-1: Swinging Strike 0-2: Hit by Pitch
|
|
Batting: RHB George Arias
|
0-0: Ball 1-0: Called Strike 1-1: Foul Ball, location: 2F 1-2: Foul Ball, location: 2F 1-2: Grounds into double play, 4-6-3 (Groundball, 4, EV 90.0 MPH)
|
| Top of the 3rd over - 0 runs, 0 hits, 0 errors, 0 left on base; Nashville 1 - Spokane 0 |
| BOTTOM OF THE 3RD |
|
Spokane River Rats batting - Pitching for Nashville Sounds : RHP Willie E Adams
|
|
Batting: RHB Mark Dalesandro
|
0-0: Called Strike 0-1: Ball 1-1: Ball 2-1: Foul Ball, location: 2F 2-2: Foul Ball, location: 2F 2-2: Fly out, F8 (Flyball, 8RXD, EV 106.3 MPH)
|
|
Batting: SHB Doug Brady
|
0-0: Called Strike 0-1: Called Strike 0-2: Ball 1-2: DOUBLE (Line Drive, 7LS, EV 90.6 MPH)
|
|
Batting: RHB Jose Lind
|
0-0: Ball 1-0: Ball 2-0: Ball 3-0: Called Strike 3-1: Called Strike 3-2: Fly out, F7 (Flyball, 7S, EV 78.1 MPH)
|
|
Batting: SHB Chuck Carr
|
0-0: Hit by Pitch
|
|
Batting: LHB Andy Fox
|
0-0: Swinging Strike 0-1: Foul Ball, location: 2F 0-2: Foul Ball, location: 2F 0-2: Ball 1-2: Foul Ball, location: 2F 1-2: Foul Ball, location: 2F 1-2: Foul Ball, location: 2F 1-2: Ground out 6-3 (Groundball, 4M, EV 86.9 MPH)
|
| Bottom of the 3rd over - 0 runs, 1 hit, 0 errors, 2 left on base; Nashville 1 - Spokane 0 |
| TOP OF THE 4TH |
|
Nashville Sounds batting - Pitching for Spokane River Rats : RHP Rick Helling
|
|
Batting: LHB Dion James
|
0-0: Ball 1-0: Ball 2-0: Foul Ball, location: 2F 2-1: Foul Ball, location: 2F 2-2: Fly out, F8 (Line Drive, 8LD, EV 90.0 MPH)
|
|
Batting: RHB Paul Konerko
|
0-0: Ball 1-0: Ball 2-0: SINGLE (Line Drive, 56, EV 105.0 MPH)
|
|
Batting: SHB Raul Casanova
|
0-0: Called Strike 0-1: Foul Ball, location: 2F 0-2: Ball 1-2: Grounds into double play, 6-4-3 (Groundball, 6, EV 85.0 MPH)
|
| Top of the 4th over - 0 runs, 1 hit, 0 errors, 0 left on base; Nashville 1 - Spokane 0 |
| BOTTOM OF THE 4TH |
|
Spokane River Rats batting - Pitching for Nashville Sounds : RHP Willie E Adams
|
|
Batting: LHB Michael Tucker
|
0-0: Ball 1-0: SINGLE (Line Drive, 8LS, EV 95.6 MPH)
|
|
Batting: SHB Gene Kingsale
|
Pickoff Throw to First - Out! 1-3 0-0: Fly out, F5 (Line Drive, 5, EV 72.5 MPH)
|
|
Batting: RHB Tony Rodriguez
|
0-0: Reached on error, E6 (Groundball, 6, EV 93.1 MPH)
|
|
Batting: SHB Luis M. Lopez
|
0-0: Ball 1-0: Called Strike 1-1: Ball Wild Pitch! Tony Rodriguez to third 2-1: Ground out 4-3 (Groundball, 34, EV 85.0 MPH)
|
| Bottom of the 4th over - 0 runs, 1 hit, 1 error, 1 left on base; Nashville 1 - Spokane 0 |
| TOP OF THE 5TH |
|
Nashville Sounds batting - Pitching for Spokane River Rats : RHP Rick Helling
|
|
Batting: RHB Eli Marrero
|
0-0: Foul Ball, location: 2F 0-1: Ball 1-1: SINGLE (Groundball, 25, EV 65.0 MPH) (infield hit)
|
|
Batting: LHB Jeff Branson
|
0-0: Bunt missed! 0-1: Ball 1-1: Bunted foul 1-2: Ball 2-2: Strikes out swinging
|
|
Batting: RHB Adam Riggs
|
0-0: Ball 1-0: Grounds into double play, 5-4-3 (Groundball, 5S, EV 78.8 MPH)
|
| Top of the 5th over - 0 runs, 1 hit, 0 errors, 0 left on base; Nashville 1 - Spokane 0 |
| BOTTOM OF THE 5TH |
|
Spokane River Rats batting - Pitching for Nashville Sounds : RHP Willie E Adams
|
|
Batting: RHB Mark Dalesandro
|
0-0: Fly out, F3 (Popup, 3SF, EV 85.0 MPH)
|
|
Batting: SHB Doug Brady
|
0-0: Ball 1-0: Foul Ball, location: 2F 1-1: Swinging Strike 1-2: Strikes out swinging
|
|
Batting: RHB Jose Lind
|
0-0: Ball 1-0: Fly out, F7 (Flyball, 78M, EV 71.9 MPH)
|
| Bottom of the 5th over - 0 runs, 0 hits, 0 errors, 0 left on base; Nashville 1 - Spokane 0 |
| TOP OF THE 6TH |
|
Nashville Sounds batting - Pitching for Spokane River Rats : RHP Rick Helling
|
|
Batting: SHB Felix Martinez
|
0-0: Called Strike 0-1: Ball 1-1: Ball 2-1: Ball 3-1: Ground out 5-3 (Groundball, 56, EV 90.0 MPH)
|
|
Batting: RHB Danny Bautista
|
0-0: Ball 1-0: Fly out, F9 (Line Drive, 9, EV 90.6 MPH)
|
|
Batting: RHB George Arias
|
0-0: Called Strike 0-1: Foul Ball, location: 2F 0-2: Ball 1-2: Foul Ball, location: 2F 1-2: Strikes out looking
|
| Top of the 6th over - 0 runs, 0 hits, 0 errors, 0 left on base; Nashville 1 - Spokane 0 |
| BOTTOM OF THE 6TH |
|
Spokane River Rats batting - Pitching for Nashville Sounds : RHP Willie E Adams
|
|
Batting: SHB Chuck Carr
|
0-0: Called Strike 0-1: Ball 1-1: Foul Ball, location: 2F 1-2: Fly out, F8 (Flyball, 8LXD, EV 98.8 MPH)
|
|
Batting: LHB Andy Fox
|
0-0: Ball 1-0: Ball 2-0: Ground out 1-3 (Groundball, 13S, EV 75.0 MPH)
|
|
Batting: LHB Michael Tucker
|
0-0: Called Strike 0-1: Foul Ball, location: 2F 0-2: Ball 1-2: Foul Ball, location: 2F 1-2: Ball 2-2: Fly out, F9 (Flyball, 89S, EV 85.6 MPH)
|
| Bottom of the 6th over - 0 runs, 0 hits, 0 errors, 0 left on base; Nashville 1 - Spokane 0 |
| TOP OF THE 7TH |
|
Nashville Sounds batting - Pitching for Spokane River Rats : RHP Rick Helling
|
|
Batting: LHB Dion James
|
0-0: Fly out, F7 (Line Drive, 7, EV 92.5 MPH)
|
|
Batting: RHB Paul Konerko
|
0-0: Swinging Strike 0-1: Ball 1-1: Foul Ball, location: 2F 1-2: Ball 2-2: SOLO HOME RUN (Flyball, 78XD, EV 91.3 MPH), Distance : 423 ft
|
|
Batting: SHB Raul Casanova
|
0-0: Ball 1-0: Foul Ball, location: 2F 1-1: Called Strike 1-2: Strikes out swinging
|
|
Batting: RHB Eli Marrero
|
0-0: Ball 1-0: Ground out 6-3 (Groundball, 6, EV 89.4 MPH)
|
| Top of the 7th over - 1 run, 1 hit, 0 errors, 0 left on base; Nashville 2 - Spokane 0 |
| BOTTOM OF THE 7TH |
|
Spokane River Rats batting - Pitching for Nashville Sounds : RHP Willie E Adams
|
|
Batting: SHB Gene Kingsale
|
0-0: Ground out 4-3 (Groundball, 4, EV 86.9 MPH)
|
|
Batting: RHB Tony Rodriguez
|
0-0: Ball 1-0: Ball 2-0: Called Strike 2-1: Swinging Strike 2-2: Strikes out looking
|
|
Batting: SHB Luis M. Lopez
|
0-0: Ball 1-0: Called Strike 1-1: Foul Ball, location: 2F 1-2: Ball 2-2: Foul Ball, location: 2F 2-2: Ball 3-2: Strikes out swinging
|
| Bottom of the 7th over - 0 runs, 0 hits, 0 errors, 0 left on base; Nashville 2 - Spokane 0 |
| TOP OF THE 8TH |
|
Nashville Sounds batting - Pitching for Spokane River Rats : RHP Rick Helling
|
|
Batting: LHB Jeff Branson
|
0-0: Called Strike 0-1: Ball 1-1: Ball 2-1: DOUBLE (Line Drive, 7LS, EV 93.8 MPH)
|
|
Batting: RHB Adam Riggs
|
0-0: Intentional Walk
|
|
Batting: SHB Felix Martinez
|
0-0: Sac Bunt to P - play at first, batter OUT! 1-3 Jeff Branson to third Adam Riggs to second
|
|
Batting: RHB Danny Bautista
|
0-0: Ball 1-0: Called Strike 1-1: Foul Ball, location: 2F 1-2: 3-RUN HOME RUN (Flyball, 7D, EV 96.9 MPH), Distance : 370 ft
|
|
Pitching: RHP Doug Brocail
|
|
|
Batting: RHB George Arias
|
0-0: Called Strike 0-1: Foul Ball, location: 2F 0-2: Foul Ball, location: 2F 0-2: Ball 1-2: Fly out, F8 (Line Drive, 8LD, EV 96.9 MPH)
|
|
Batting: LHB Dion James
|
0-0: Called Strike 0-1: Ball 1-1: Ball 2-1: Foul Ball, location: 2F 2-2: Strikes out looking
|
| Top of the 8th over - 3 runs, 2 hits, 0 errors, 0 left on base; Nashville 5 - Spokane 0 |
| BOTTOM OF THE 8TH |
|
Spokane River Rats batting - Pitching for Nashville Sounds : RHP Willie E Adams
|
|
Batting: RHB Mark Dalesandro
|
0-0: Called Strike 0-1: Ball 1-1: Called Strike 1-2: Strikes out swinging
|
|
Batting: SHB Doug Brady
|
0-0: Called Strike 0-1: Ball 1-1: Ball 2-1: Fly out, F3 (Popup, 3SF, EV 72.5 MPH)
|
|
Batting: RHB Jose Lind
|
0-0: Swinging Strike 0-1: Foul Ball, location: 2F 0-2: Ground out 5-3 (Groundball, 56, EV 83.8 MPH)
|
| Bottom of the 8th over - 0 runs, 0 hits, 0 errors, 0 left on base; Nashville 5 - Spokane 0 |
| TOP OF THE 9TH |
|
Nashville Sounds batting - Pitching for Spokane River Rats : RHP Doug Brocail
|
|
Batting: RHB Paul Konerko
|
0-0: Fly out, F8 (Line Drive, 8RD, EV 87.5 MPH)
|
|
Batting: SHB Raul Casanova
|
0-0: Ball 1-0: Called Strike 1-1: Ball 2-1: Ball 3-1: Ground out 4-3 (Groundball, 4M, EV 102.5 MPH)
|
|
Batting: RHB Eli Marrero
|
0-0: Called Strike 0-1: Ball 1-1: Fly out, F6 (Popup, 6M, EV 63.1 MPH)
|
| Top of the 9th over - 0 runs, 0 hits, 0 errors, 0 left on base; Nashville 5 - Spokane 0 |
| BOTTOM OF THE 9TH |
|
Spokane River Rats batting - Pitching for Nashville Sounds : RHP Willie E Adams
|
|
Batting: SHB Chuck Carr
|
0-0: Ball 1-0: Ball 2-0: DOUBLE (Line Drive, 7LM, EV 103.1 MPH)
|
|
Batting: LHB Andy Fox
|
0-0: Called Strike 0-1: Foul Ball, location: 2F 0-2: Strikes out swinging
|
|
Batting: LHB Michael Tucker
|
0-0: Called Strike 0-1: Swinging Strike 0-2: Foul Ball, location: 2F 0-2: SINGLE (Line Drive, 78S, EV 111.3 MPH) Chuck Carr to third
|
|
Batting: SHB Gene Kingsale
|
0-0: Called Strike 0-1: Ball 1-1: Called Strike 1-2: Fielders Choice at 2nd, 3-6 (Groundball, 34, EV 81.3 MPH) Chuck Carr scores
|
|
Batting: RHB Tony Rodriguez
|
0-0: Swinging Strike 0-1: Fly out, F9 (Flyball, 9S, EV 80.6 MPH)
|
| Bottom of the 9th over - 1 run, 2 hits, 0 errors, 1 left on base; Nashville 5 - Spokane 1 |
|